[Event "*** Titled Tuesday 3|2 Blitz"]
[Site "Chess.com"]
[Date "2016.01.05"]
[Round "7"]
[White "Gabrielian_Artur"]
[Black "gumersindo"]
[Result "1-0"]
[WhiteElo "2465"]
[BlackElo "2291"]
[TimeControl "180+2"]
[EndTime "12:22:53 PST"]
[Termination "Gabrielian_Artur won by checkmate"]

1. e4 e5 2. Nf3 Nc6 3. Bc4 Bc5 4.
d3 Nf6 5. Bg5 Be7 6. O-O O-O 7.
c3 d6 8. Nbd2 a6 9. b4 Nb8 10. d4 Nbd7 11. Bb3 c6 12. Re1 Qc7 13. Nc4 b5 14. Ne3 Re8 15. a4 Bb7 16. Nf5 Bf8 17. Bxf6 Nxf6 18. Ng5 d5 19. Qf3 dxe4 20. Rxe4 Nxe4 21.
Qxe4 c5 22. Nh6+ gxh6 23. Qxh7# 1-0

[Event "*** Titled Tuesday 3|2 Blitz"]
[Site "Chess.com"]
[Date "2016.01.05"]
[Round "7"]
[White "ftorodent"]
[Black "Aygehovit1992"]
[Result "1-0"]
[WhiteElo "2227"]
[BlackElo "2386"]
[TimeControl "180+2"]
[EndTime "12:24:02 PST"]
[Termination "ftorodent won by resignation"]

1. d4 d6 2. Nf3 g6 3. c4 Nf6 4.
Nc3 Bg7 5. e4 O-O 6. Be2 e5 7. O-O Nc6 8. d5 Ne7 9. b4 Nd7 10. Re1 f5 11. Ng5 Nf6 12. Bf3 c6 13. Ba3 h6 14. Ne6 Bxe6 15. dxe6 fxe4 16. Nxe4 Nxe4 17. Bxe4 d5 18. cxd5 cxd5 19. b5 dxe4 20. Qxd8 Rfxd8 21. Bxe7 Re8 22. Bc5 Rxe6 23. Rad1 a6 24.
b6 Rc8 25. Be3 Re7 26. h3 Kf7 27. Rd2 Rc6 28. Red1 g5 29. Rd8 Bf8 30. R1d2 Rc3 31. Kh2 Rd3 32. R2xd3 exd3 33. Rxd3 Ke8 34. Kg3 e4 35. Rd5 Re6 36. Kg4 Be7 37. Kf5 Rf6+ 38. Kxe4 Bd8 39. Ke5 Rc6 40. Rd6 Rc2 41. Rxh6 Rxa2 42. Ke6 1-0

[Event "*** Titled Tuesday 3|2 Blitz"]
[Site "Chess.com"]
[Date "2016.01.05"]
[Round "7"]
[White "Haridaskesavan"]
[Black "saraswathii"]
[Result "1-0"]
[WhiteElo "2095"]
[BlackElo "1857"]
[TimeControl "180+2"]
[EndTime "12:24:23 PST"]
[Termination "Haridaskesavan won on time"]

1. e4 c5 2. c3 Nf6 3. e5 Nd5 4. g3 Nc6 5. f4 d6 6. exd6 exd6 7. Bg2 Nf6 8. Ne2 d5 9. d4 c4 10. O-O Be7 11. Nd2 Bf5 12. Nf3 O-O 13. b3 cxb3 14.
axb3 a6 15. Re1 Re8 16. Bb2 Ne4 17. Ne5 Nxe5 18. fxe5 Rc8 19. Rc1 Bg5 20. Nf4 Bxf4 21. gxf4 Qh4 22. Rf1 Bg4 23. Qd3 Bf5 24. Qe3 Rc6 25.
c4 Rg6 26. cxd5 Bh3 27. Rc2 Bf5 28. Re2 1-0

[Event "*** Titled Tuesday 3|2 Blitz"]
[Site "Chess.com"]
[Date "2016.01.05"]
[Round "7"]
[White "oskariot"]
[Black "RitchieBlackmore"]
[Result "0-1"]
[WhiteElo "2331"]
[BlackElo "2429"]
[TimeControl "180+2"]
[EndTime "12:24:38 PST"]
[Termination "RitchieBlackmore won by resignation"]

1. e4 d6 2. d4 e5 3. Nf3 exd4 4. Nxd4 Nf6 5. Nc3 g6 6. Be3 Bg7 7. Qd2 O-O 8. O-O-O Nc6 9. f3 Be6 10. g4 Nxd4 11. Bxd4 a6 12. Be3 b5 13. Bh6 Bxh6 14. Qxh6 b4 15. Ne2 Bxa2 16. h4 Qe7 17. h5 d5 18. g5 Nxh5 19. Rxh5 gxh5 20. Bh3 Qd6 21. Qxh5 Qh2 22. Nd4 dxe4 23. Nf5 Rad8 24. Nd4 e3 25.
Qh6 e2 26. Re1 Rxd4 27. Qf6 Qf4+ 28. Qxf4 Rxf4 29. Rxe2 Bd5 0-1

[Event "*** Titled Tuesday 3|2 Blitz"]
[Site "Chess.com"]
[Date "2016.01.05"]
[Round "7"]
[White "nijat_a"]
[Black "FairChess_on_YouTube"]
[Result "0-1"]
[WhiteElo "2687"]
[BlackElo "2791"]
[TimeControl "180+2"]
[EndTime "12:24:44 PST"]
[Termination "FairChess_on_YouTube won by resignation"]

1. e4 c5 2. Nf3 e6 3. d4 cxd4 4. Nxd4 Nc6 5. Nc3 a6 6. Be3 Nf6 7. Nxc6 bxc6 8. e5 Nd5 9. Nxd5 cxd5 10. Bd3 d6 11. Bd4 dxe5 12. Bxe5 Qg5 13. Qe2 Bc5 14.
f4 Qh6 15. g3 O-O 16. Bc3 e5 17.
Qxe5 Bg4 18. Qxd5 Rfe8+ 19. Be5 Qb6 20. Kd2 Be3+ 21. Ke1 Bf2+ 22. Kd2 Be3+ 23. Ke1 Bxf4 24. gxf4 Qe3+ 25. Kf1 Bh3+ 26. Qg2 Qf3+ 0-1

[Event "*** Titled Tuesday 3|2 Blitz"]
[Site "Chess.com"]
[Date "2016.01.05"]
[Round "7"]
[White "Frolyanov_D"]
[Black "chessdude"]
[Result "1-0"]
[WhiteElo "2484"]
[BlackElo "2314"]
[TimeControl "180+2"]
[EndTime "12:24:52 PST"]
[Termination "Frolyanov_D won by resignation"]

1. e4 c5 2. Nf3 d6 3. d4 cxd4 4. Nxd4 Nf6 5. Nc3 a6 6. Be3 e5 7. Nf3 Qc7 8. a4 Be7 9. a5 Be6 10. Nd5 Bxd5 11. exd5 Nbd7 12. c4 O-O 13. Be2 Ng4 14.
Bd2 Nc5 15. O-O Ne4 16. Be1 f5 17. b4 h6 18. Rc1 Ng5 19. Rc2 Nxf3+ 20. Bxf3 Nf6 21. c5 e4 22. Be2 Rfc8 23. Bc4 Kh8 24. Bc3 dxc5 25. Bxf6 Bxf6 26. d6 Qd8 27. Be6 Rc6 28.
bxc5 Qxa5 29. Bxf5 Rxc5 30. Bxe4 Rxc2 31. Bxc2 Qc3 32.
Qe2 Rc8 33. Bb1 Qc4 34. d7 Rc7 35. Qe8+ Qg8 36. Ba2 1-0

[Event "*** Titled Tuesday 3|2 Blitz"]
[Site "Chess.com"]
[Date "2016.01.05"]
[Round "7"]
[White "chorejason"]
[Black "pedromartinez91"]
[Result "0-1"]
[WhiteElo "1889"]
[BlackElo "2065"]
[TimeControl "180+2"]
[EndTime "12:25:10 PST"]
[Termination "pedromartinez91 won by resignation"]

1. e4 e6 2. d4 d5 3. Nd2 Nf6 4. e5 Ne4 5. Bd3 Nxd2 6. Bxd2 c5 7. c3 Qb6 8. Rb1 cxd4 9. Ne2 dxc3 10. bxc3 Qc7 11.
O-O Nc6 12. f4 g6 13. Kh1 Bg7 14. Nd4 a6 15. Be3 O-O 16. g4 Bd7 17. f5 Bxe5 18.
f6 Rfc8 19. Nf3 Bf4 20. Bb6 Qd6 21. g5 e5 22. Qe1 e4 23. Qh4 exd3 24. Nd2 Bxd2 25.
Rbd1 Bxc3 26. Rxd3 Ne5 27. Rxc3 Rxc3 28. Bd4 Rc4 0-1

[Event "*** Titled Tuesday 3|2 Blitz"]
[Site "Chess.com"]
[Date "2016.01.05"]
[Round "7"]
[White "Iball95"]
[Black "volodja49"]
[Result "1-0"]
[WhiteElo "2394"]
[BlackElo "2295"]
[TimeControl "180+2"]
[EndTime "12:25:23 PST"]
[Termination "Iball95 won by resignation"]

1. e4 e6 2. d4 d5 3. Nc3 Bb4 4. exd5 exd5 5. Bd3 Ne7 6. Qh5 g6 7. Qh6 Nf5 8. Bxf5 Bxf5 9. Qg7 Qe7+ 10. Ne2 Rf8 11. Bh6 Nd7 12. O-O-O O-O-O 13. Be3 c6 14. h3 h5 15. Qh6 Bd6 16. Qg5 Qxg5 17. Bxg5 f6 18. Bf4 Bb4 19. a3 Bxc3 20. Nxc3 g5 21. Bd6 Rfe8 22. Rhe1 Rxe1 23. Rxe1 Bg6 24. Re7 Re8 25.
Rg7 Bf5 26. b3 h4 27. Kd2 b5 28. a4 a6 29. a5 Re6 30. Bh2 Re8 31. Na2 Re4 32. c3 g4 33. Nb4 Kb7 34. Nd3 gxh3 35. Nc5+ Kc8 36. Rg8+ 1-0

[Event "*** Titled Tuesday 3|2 Blitz"]
[Site "Chess.com"]
[Date "2016.01.05"]
[Round "7"]
[White "Fandorine"]
[Black "pKiLz5Rn9b"]
[Result "1-0"]
[WhiteElo "2548"]
[BlackElo "2362"]
[TimeControl "180+2"]
[EndTime "12:25:24 PST"]
[Termination "Fandorine won by resignation"]

1. e4 e6 2. d4 d5 3. Nd2 Nf6 4.
e5 Nfd7 5. Bd3 c5 6. c3 Nc6 7. Ngf3 Be7 8. O-O a5 9. Re1 a4 10. Nf1 cxd4 11. cxd4 Nb6 12. Ng3 h5 13. Be3 h4 14.
Ne2 Nb4 15. Bb1 a3 16. bxa3 Rxa3 17. Bc1 Ra8 18. a3 Nc6 19. Bd3 Na5 20. Rb1 Nbc4 21. Nc3 Bd7 22. a4 Bc6 23. Nb5 Bxb5 24. Rxb5 b6 25. h3 Qc7 26. Ng5 Ba3 27. Qg4 Bxc1 28. Rxc1 Qe7 29. Nf3 Kf8 30. Qf4 Rh5 31. Qg4 Rh6 32.
Qf4 Rh5 33. Bg6 Rf5 34. Bxf5 exf5 35. Rxd5 Qe6 36. Rb5 Na3 37. d5 Qd7 38. Qb4+ Qe7 39. d6 1-0

[Event "*** Titled Tuesday 3|2 Blitz"]
[Site "Chess.com"]
[Date "2016.01.05"]
[Round "7"]
[White "the_drake"]
[Black "ZEN-22"]
[Result "0-1"]
[WhiteElo "2025"]
[BlackElo "2399"]
[TimeControl "180+2"]
[EndTime "12:25:24 PST"]
[Termination "ZEN-22 won by resignation"]

1. e4 c5 2. Nf3 Nf6 3. Nc3 d5 4. exd5 Nxd5 5. Bb5+ Bd7 6. Bxd7+ Qxd7 7. Nxd5 Qxd5 8. O-O Nc6 9. b3 e6 10. Bb2 Be7 11. Rb1 Bf6 12. Bxf6 gxf6 13. Kh1 h5 14. d3 h4 15. Qe2 h3 16. Qe4 hxg2+ 17. Kxg2 Qh5 18. Rg1 O-O-O 19. Kf1 f5 20. Qe3 Nd4 21. Nxd4 cxd4 22. Qe5 Qxh2 23. Qxh2 Rxh2 24. Ke2 Rd5 25. Rg7 Re5+ 26. Kf3 Rc5 27. Rc1 Rc7 28. Kg3 Rh8 29. Kf4 Kd8 30. Ke5 Ke7 31. Kxd4 Kf6 32. Rg2 Rd8+ 33.
Ke3 f4+ 34. Ke2 f3+ 35. Kxf3 Rxd3+ 36. Ke2 Rdc3 37. Kd2 b5 38. Rg4 a5 39. a4 b4 40.
Rd4 Ke5 41. Rd3 Rxd3+ 42. Kxd3 Rc3+ 43. Kd2 Kf4 44. Rh1 f5 45. Rh6 e5 46. Ra6 Rc5 47.
Rf6 e4 48. Ra6 Kf3 49. Ke1 f4 50. Ra7 Rxc2 51. Rxa5 Re2+ 52. Kd1 Rxf2 53. Rb5 Ra2 54. Rxb4 e3 0-1

[Event "*** Titled Tuesday 3|2 Blitz"]
[Site "Chess.com"]
[Date "2016.01.05"]
[Round "7"]
[White "AvitalBor"]
[Black "GargleBlaster"]
[Result "1-0"]
[WhiteElo "2347"]
[BlackElo "2242"]
[TimeControl "180+2"]
[EndTime "12:25:57 PST"]
[Termination "AvitalBor won on time"]

1. b3 c5 2. Bb2 Nc6 3. f4 Nf6 4. Nf3 d6 5. g3 g6 6. Bg2 Bg7 7.
O-O O-O 8. c4 e5 9. fxe5 Ng4 10.
Nc3 Ngxe5 11. Nxe5 Nxe5 12. Qc1 Rb8 13. Nd5 b5 14. d3 bxc4 15. dxc4 Bg4 16. Qd2 Nxc4 17. bxc4 Rxb2 18. Qf4 Bxe2 19. Rfe1 Bd4+ 20. Kh1 Bxc4 21.
Rad1 Rxg2 22. Rxd4 Bxd5 23. Rxd5 Qa8 24. Red1 Rxa2 25.
Qxd6 Re8 26. Qxc5 Ree2 27. Kg1 Rg2+ 28. Kf1 Kg7 29. Qd4+ Kh6 30. Rh5+ 1-0

[Event "*** Titled Tuesday 3|2 Blitz"]
[Site "Chess.com"]
[Date "2016.01.05"]
[Round "7"]
[White "Colombiano07"]
[Black "Cecile_Haussernot"]
[Result "1-0"]
[WhiteElo "2173"]
[BlackElo "2214"]
[TimeControl "180+2"]
[EndTime "12:26:02 PST"]
[Termination "Colombiano07 won by resignation"]

1. e4 c5 2. Nf3 d6 3. d4 cxd4 4. Nxd4 Nf6 5. f3 a6 6. c4 e5 7.
Nc2 Be7 8. Be3 Be6 9. Nc3 Nbd7 10. Qd2 Rc8 11. b3 O-O 12. Rc1 Nh5 13. Be2 f5 14.
exf5 Bxf5 15. O-O Be6 16. g3 Qc7 17. Nb4 Nc5 18. Nbd5 Qd8 19. b4 Nd7 20. Ne4 Bxd5 21. Qxd5+ Kh8 22. Nxd6 Bxd6 23. Qxd6 Rc6 24. Qd3 Qc7 25. f4 Nhf6 26. c5 a5 27. b5 Re6 28.
f5 e4 29. Qd4 Ree8 30. Bf4 Ne5 31. c6 b6 32. Rfd1 Re7 33. Kg2 Ne8 34. Qd8 Qa7 35. c7 Qb7 36. c8=Q 1-0

[Event "*** Titled Tuesday 3|2 Blitz"]
[Site "Chess.com"]
[Date "2016.01.05"]
[Round "7"]
[White "rdclayton"]
[Black "DeviatkinAndrey"]
[Result "0-1"]
[WhiteElo "2115"]
[BlackElo "2492"]
[TimeControl "180+2"]
[EndTime "12:26:10 PST"]
[Termination "DeviatkinAndrey won on time"]

1. d4 d5 2. c4 c6 3. Nc3 e5 4.
cxd5 cxd5 5. dxe5 d4 6. Nb1 Nc6 7. Nf3 Bg4 8. Nbd2 f6 9. exf6 Nxf6 10. g3 Qd7 11. Bg2 O-O-O 12. O-O Bh3 13. Nb3 Bxg2 14. Kxg2 Qd5 15. Bf4 h6 16. Rc1 g5 17. Be5 Be7 18.
Qxd4 g4 19. Qxa7 gxf3+ 20. exf3 Qxe5 21. Na5 Qc7 22. Nxc6 bxc6 23. Qa6+ Kd7 24. Rfd1+ Ke8 25. Rxc6 Qb8 26. Re1 Kf7 0-1

[Event "*** Titled Tuesday 3|2 Blitz"]
[Site "Chess.com"]
[Date "2016.01.05"]
[Round "7"]
[White "ChessSkool"]
[Black "TomsKantans"]
[Result "1-0"]
[WhiteElo "2329"]
[BlackElo "2360"]
[TimeControl "180+2"]
[EndTime "12:26:15 PST"]
[Termination "ChessSkool won by resignation"]

1. d4 Nf6 2. Nf3 c5 3. e3 g6 4. c4 Bg7 5. Nc3 cxd4 6. exd4 O-O 7. d5 Na6 8. Be2 Nc5 9. Be3 d6 10. O-O a5 11. Bd4 e5 12. dxe6 Bxe6 13. Re1 Rc8 14. Bf1 Qb6 15. b3 Rfd8 16. Rc1 Qc6 17. Ng5 Re8 18.
Nxe6 Rxe6 19. Rxe6 fxe6 20. g3 b6 21. Bh3 Re8 22.
Be3 Nfe4 23. Nxe4 Nxe4 24. Bg2 Qb7 25. Qd3 d5 26. cxd5 exd5 27. Rd1 Nc3 28. Bxd5+ Nxd5 29. Qxd5+ Qxd5 30. Rxd5 Rb8 31. Rb5 1-0

[Event "*** Titled Tuesday 3|2 Blitz"]
[Site "Chess.com"]
[Date "2016.01.05"]
[Round "7"]
[White "ER404"]
[Black "nfds"]
[Result "0-1"]
[WhiteElo "2126"]
[BlackElo "2336"]
[TimeControl "180+2"]
[EndTime "12:26:20 PST"]
[Termination "nfds won on time"]

1. d4 d5 2. c4 Nf6 3. cxd5 Nxd5 4. Nf3 e6 5. e4 Bb4+ 6. Bd2 Bxd2+ 7. Qxd2 Nf6 8. Nc3 c5 9. d5 exd5 10. exd5 O-O 11.
Be2 a6 12. a4 Qd6 13. O-O h6 14. Rad1 Bf5 15. Bd3 Bg4 16. Be4 Nbd7 17. h3 Bh5 18. Rfe1 Rab8 19. a5 b5 20. axb6 Rxb6 21. g4 Bg6 22. Bxg6 fxg6 23. Re6 Qb8 24. Na4 Rb3 25. Re3 Ne4 26. Qe2 Nxf2 27. Qxf2 Rxe3 28. Qxe3 Qg3+ 29. Kh1 Qxh3+ 30. Kg1 Qg3+ 31. Kh1 Rxf3 32. Qe6+ Kh7 33. g5 Rf2 0-1

[Event "*** Titled Tuesday 3|2 Blitz"]
[Site "Chess.com"]
[Date "2016.01.05"]
[Round "7"]
[White "AsafGivon"]
[Black "MapleDanish"]
[Result "1-0"]
[WhiteElo "2277"]
[BlackElo "2071"]
[TimeControl "180+2"]
[EndTime "12:26:37 PST"]
[Termination "AsafGivon won by resignation"]

1. e4 e5 2. Nf3 Nc6 3. Bb5 Nf6 4. O-O Nxe4 5. d4 Nd6 6. Bxc6 dxc6 7. dxe5 Nf5 8. Qxd8+ Kxd8 9. h3 Be7 10. Nc3 Ke8 11.
Bg5 h6 12. Bxe7 Nxe7 13. Rfe1 b6 14. Rad1 Bf5 15. Nd4 Bh7 16. e6 Nd5 17. Nxd5 cxd5 18. Nb5 Rc8 19. Nxa7 Ra8 20. Nb5 Rxa2 21. Nxc7+ Kd8 22.
Nxd5 Bxc2 23. Nb4+ Bxd1 24. Rxd1+ Ke7 25. Nxa2 fxe6 26.
Rd4 Rc8 27. Nc3 Rc5 28. Rb4 Rc6 29. g3 Kd6 30. h4 Kc5 31. Rg4 Rc7 32. h5 b5 33. Kf1 b4 34. Ne4+ Kd5 35. Nd2 Rc2 36. Ke2 Rxb2 37. Rxg7 Rc2 38. Rb7 Rb2 39. Kd3 Kc6 40. Rb8 Kc7 41. Rb5 Kc6 42. Rb6+ Kc5 43. Rxe6 Ra2 44. Rxh6 b3 45. Nxb3+ Kd5 46. Rg6 Rxf2 47.
Nd2 Rh2 48. g4 Rh3+ 49. Ke2 Ke5 50. h6 Kf4 51. g5 Re3+ 52. Kf2 Rd3 53. Ke2 Re3+ 54.
Kd1 Rh3 55. Rg7 Ke3 56. Nc4+ Kd3 57. Ne5+ Ke4 58. Ng4 Kd3 59. Nf2+ 1-0

[Event "*** Titled Tuesday 3|2 Blitz"]
[Site "Chess.com"]
[Date "2016.01.05"]
[Round "7"]
[White "Malev212"]
[Black "cool64chess"]
[Result "1-0"]
[WhiteElo "2269"]
[BlackElo "2217"]
[TimeControl "180+2"]
[EndTime "12:26:45 PST"]
[Termination "Malev212 won by resignation"]

1. e4 e6 2. Qe2 c5 3. f4 Nc6 4. Nf3 d6 5. g3 Nf6 6. Bg2 Be7 7. O-O O-O 8. d3 Qc7 9. Nbd2 b6 10. e5 dxe5 11. fxe5 Nd7 12. Nc4 Bb7 13. Bf4 b5 14.
Na3 a6 15. c4 Nd4 16. Nxd4 cxd4 17. Rac1 Bxg2 18. Qxg2 Qb6 19. cxb5 Bxa3 20. bxa3 axb5 21. Rc6 Qb7 22. Rfc1 Nb6 23. Bd2 Nd5 24. Bb4 Rfc8 25. Qc2 Rxc6 26. Qxc6 Qxc6 27. Rxc6 h5 28. Bc5 Nc3 29.
Kf2 Nxa2 30. Rb6 Nc1 31. Bxd4 Nxd3+ 32. Ke2 Rxa3 33. Rxb5 Rb3 34. Rxb3 Nc1+ 35. Kd1 Nxb3 36. Bb6 g5 37. Kc2 Kg7 38. Kxb3 f6 39. Kc4 fxe5 40. Kd3 h4 41. Ke4 Kf6 42. g4 1-0

[Event "*** Titled Tuesday 3|2 Blitz"]
[Site "Chess.com"]
[Date "2016.01.05"]
[Round "7"]
[White "amaidel"]
[Black "Moltini"]
[Result "1/2-1/2"]
[WhiteElo "2368"]
[BlackElo "2201"]
[TimeControl "180+2"]
[EndTime "12:26:52 PST"]
[Termination "Game drawn by agreement"]

1. e4 c5 2. Nf3 d6 3. d4 cxd4 4.
Nxd4 Nf6 5. Nc3 a6 6. f4 e5 7. Nf3 Nbd7 8. Bc4 Be7 9. a4 O-O 10. O-O Qc7 11. Ba2 b6 12. Kh1 Bb7 13. Qe2 Nc5 14.
fxe5 dxe5 15. Nd5 Qd6 16. Rd1 Ncxe4 17. Nxf6+ Qxf6 18. Bd5 Bxd5 19. Rxd5 Nc5 20. Bg5 Qc6 21. Rxe5 Bxg5 22. Nxg5 h6 23. Nf3 Rae8 24. b3 Rxe5 25. Nxe5 Qf6 26. Rf1 Qe6 27. Qh5 f5 28. Ng6 Rf6 29. Nf4 Qe4 30. Qd1 Qe8 31. Re1 Ne4 32.
Nd3 Rd6 33. Qf3 Qg6 34. Rf1 Rf6 35. Ne5 Qe8 36. Nc4 b5 37. axb5 axb5 38. Ne3 g6 39. Nd5 Rd6 40. Rd1 Qe5 41. c4 bxc4 42. bxc4 Kg7 43. Qa3 Nf2+ 44. Kg1 Nxd1 45. Qa7+ Kf8 46.
Qb8+ Kf7 47. Qc7+ Ke8 48. Qb8+ Kf7 49. Qc7+ Ke8 50. Qb8+ 1/2-1/2

[Event "*** Titled Tuesday 3|2 Blitz"]
[Site "Chess.com"]
[Date "2016.01.05"]
[Round "7"]
[White "bugsbunny444"]
[Black "Cats4Sale"]
[Result "0-1"]
[WhiteElo "2349"]
[BlackElo "2280"]
[TimeControl "180+2"]
[EndTime "12:26:56 PST"]
[Termination "Cats4Sale won by checkmate"]

1. Nf3 b6 2. g3 Bb7 3. Bg2 f5 4. O-O Nf6 5. c4 e6 6. d4 Be7 7.
d5 Qc8 8. Nd4 Na6 9. Nc3 Nc5 10.
b3 O-O 11. Bb2 g6 12. Qc2 e5 13. Nf3 d6 14. Nd2 a5 15. a3 Na6 16. Nb5 c6 17.
dxc6 Bxc6 18. Rfd1 Bxg2 19. Kxg2 Qc6+ 20. f3 Nc5 21.
Nf1 a4 22. b4 Nb3 23. Rab1 Rfc8 24. Ne3 Ng4 25. Nxg4 fxg4 26. Qd3 gxf3+ 27. exf3 Qxc4 28. Nxd6 Qc2+ 29. Kh3 Bxd6 30. Qxd6 Qf5+ 31. Kg2 Rc2+ 32. Kg1 Qxf3 33. Qe6+ Kf8 34. Rf1 Rg2+ 35. Kh1 Rf2+ 36. Kg1 Qg2# 0-1

[Event "*** Titled Tuesday 3|2 Blitz"]
[Site "Chess.com"]
[Date "2016.01.05"]
[Round "7"]
[White "BjarkeSahl"]
[Black "tac49"]
[Result "0-1"]
[WhiteElo "2118"]
[BlackElo "2456"]
[TimeControl "180+2"]
[EndTime "12:26:57 PST"]
[Termination "tac49 won by resignation"]

1. e4 e5 2. Nf3 Nc6 3. d4 exd4 4. Bc4 Nf6 5. e5 d5 6. Bb5 Ne4 7. Nxd4 Bc5 8. O-O O-O 9. Bxc6 bxc6 10. f3 Ng5 11. Be3 Ne6 12. Qd2 Bxd4 13. Bxd4 c5 14. Bf2 Bb7 15. Nc3 d4 16. Nb1 Qd5 17. Re1 f6 18. b3 fxe5 19. c4 Qd6 20. Na3 Nf4 21.
Nb5 Qc6 22. Bg3 a6 23. Bxf4 Rxf4 24. Rxe5 Rxf3 25. Rae1 Re3 26. Na3 Rxe5 27. Rxe5 Rf8 28. Nc2 Rf1+ 29. Kxf1 Qf6+ 30. Qf2 Qxe5 31. Ne1 Be4 32. Qg3 Qxg3 33. hxg3 a5 34. Ke2 Kf7 35. a3 Ke6 36. Kf2 Kf5 37. Ke2 Kg4 38. Kf2 h5 0-1

[Event "*** Titled Tuesday 3|2 Blitz"]
[Site "Chess.com"]
[Date "2016.01.05"]
[Round "7"]
[White "Grootneus"]
[Black "AdrianaNikolova"]
[Result "0-1"]
[WhiteElo "2007"]
[BlackElo "2185"]
[TimeControl "180+2"]
[EndTime "12:27:05 PST"]
[Termination "AdrianaNikolova won on time"]

1. e4 c5 2. c3 d5 3. exd5 Qxd5 4.
d4 Nf6 5. Nf3 e6 6. Na3 Nc6 7.
Be3 cxd4 8. Nb5 Qd8 9. Nbxd4 Nxd4 10. Bxd4 Be7 11. Bd3 O-O 12. O-O b6 13. Qc2 h6 14.
Rad1 Qe8 15. a4 Bd7 16. a5 bxa5 17. Ne5 Bb5 18. Rfe1 Bxd3 19. Rxd3 Qb5 20. c4 Qb7 21.
Rg3 Nh5 22. Rh3 Nf4 23. Rf3 Bb4 24. Rd1 Nh5 25. c5 Rac8 26. c6 Qc7 27. Qe4 f5 28. Qh4 Nf6 29. Rg3 Bd6 30. Qxh6 f4 31. Rg5 Bxe5 32. Bxe5 Qf7 33. Rg6 Ne8 34. Qg5 Rxc6 35. Re1 Rc5 0-1

[Event "*** Titled Tuesday 3|2 Blitz"]
[Site "Chess.com"]
[Date "2016.01.05"]
[Round "7"]
[White "aspired"]
[Black "StellarChessPro"]
[Result "1/2-1/2"]
[WhiteElo "2341"]
[BlackElo "2212"]
[TimeControl "180+2"]
[EndTime "12:27:06 PST"]
[Termination "Game drawn by agreement"]

1. e4 c6 2. Nf3 d5 3. Nc3 dxe4 4. Nxe4 Nf6 5. Nxf6+ exf6 6. Bc4 Bd6 7. Qe2+ Qe7 8.
Qxe7+ Kxe7 9. d4 Re8 10. O-O Kf8 11. h3 Nd7 12. Bd2 b5 13. Bd3 Nb6 14. Rfe1 Be6 15. b3 b4 16. a3 a5 17. axb4 axb4 18.
Kf1 h6 19. Ng1 Rxa1 20. Rxa1 Ra8 21. Rxa8+ Nxa8 22. Be4 Bd5 23. Bxd5 cxd5 24. Ke2 Nc7 25. Kd3 Ke7 26. Ne2 Kd7 27. Ke3 f5 28. g3 Ne6 29. h4 g5 30. hxg5 hxg5 31. f4 f6 32. Kf3 Ke7 33. Be3 Kf7 34. Nc1 Kg6 35. Nd3 Nc7 36. Bd2 Na6 37. Be1 g4+ 38. Ke2 Kf7 39. c4 bxc3 40. Bxc3 Ke6 41. Ne1 Nc7 42. Nc2 Nb5 43.
Bd2 Bc7 44. Kd3 Nd6 45. Be1 Ne4 46. Ne3 Bd6 47. Nd1 Be7 48. Nb2 Ba3 49. Na4 Kd6 50. Nc3 Bb4 51. Nb5+ Kc6 52. Na7+ Kb7 53. Bxb4 Kxa7 54.
Be1 Kb6 55. Kc2 Kb5 56. Kd3 1/2-1/2

[Event "*** Titled Tuesday 3|2 Blitz"]
[Site "Chess.com"]
[Date "2016.01.05"]
[Round "7"]
[White "Tesla37"]
[Black "yurisolo"]
[Result "1-0"]
[WhiteElo "2544"]
[BlackElo "2460"]
[TimeControl "180+2"]
[EndTime "12:27:08 PST"]
[Termination "Tesla37 won on time"]

1. e4 c6 2. d4 d6 3. Nc3 g6 4.
Be3 Bg7 5. Qd2 b5 6. h4 Nf6 7. f3 h5 8. O-O-O Nbd7 9. Nh3 Qa5 10. a3 Nb6 11. Ng5 Rb8 12. Kb1 Bd7 13. Bd3 Na4 14.
Nxa4 Qxa4 15. Qb4 Qa6 16. c4 Qb7 17. cxb5 cxb5 18. Rc1 O-O 19. Rc2 Qb6 20. Bf2 a5 21.
Qb3 b4 22. a4 Qb7 23. Rhc1 Rbc8 24. Rxc8 Bxc8 25. Bc4 e6 26. Bb5 Bd7 27. Bxd7 Qxd7 28.
Qc2 Nh7 29. Nxh7 Kxh7 30. b3 Bh6 31. Qc7 Rd8 32. Rc6 d5 33. e5 Kg7 34. g3 Bd2 35.
Kc2 Bc3 36. Kd3 Qxc7 37. Rxc7 Ra8 38. Be3 Ra6 39. Bg5 Ra8 40. Bf6+ Kg8 41. g4 hxg4 42. fxg4 Bb2 43. Rd7 Bc3 44. Rd8+ Rxd8 45. Bxd8 Be1 46. Bxa5 1-0

[Event "*** Titled Tuesday 3|2 Blitz"]
[Site "Chess.com"]
[Date "2016.01.05"]
[Round "7"]
[White "wilju"]
[Black "northridgehawk"]
[Result "1-0"]
[WhiteElo "1838"]
[BlackElo "1774"]
[TimeControl "180+2"]
[EndTime "12:27:17 PST"]
[Termination "wilju won by resignation"]

1. e4 e5 2. Nf3 Nc6 3. d4 exd4 4. Nxd4 Qh4 5. Nc3 Bc5 6. Be3 Nf6 7. g3 Qg4 8. Bg2 Ne5 9. O-O d6 10. Ndb5 Qd7 11. Bxc5 dxc5 12. f4 Nc4 13. e5 Ng4 14.
Qxd7+ Bxd7 15. Nxc7+ Kd8 16. Nxa8 Kc8 17. Nd5 Kb8 18.
Nac7 Bc6 19. Rfe1 Nxb2 20. h3 Nh6 21. e6 fxe6 22. Nxe6 Nf5 23. g4 Nh4 24. Bh1 Nc4 25. f5 h5 26. Nxg7 hxg4 27. hxg4 Nd2 28. f6 Ndf3+ 29. Bxf3 Nxf3+ 30. Kf2 Nxe1 31. Ne7 Nxc2 32.
Nxc6+ bxc6 33. Rb1+ Kc7 34. g5 Kd6 35. Kg3 Nd4 36.
Kf4 Rh4+ 37. Kg3 Rh8 38. Re1 c4 39. g6 Rh6 40. f7 Rxg6+ 41. Kh4 Rf6 42. Ne8+ Kc5 43.
Nxf6 Nf3+ 44. Kg4 Nxe1 45. f8=Q+ Kb5 46. Qb8+ Kc5 47. Qxa7+ Kd6 48. Ne4+ Kd5 49. Kf4 Nd3+ 50. Ke3 c5 51. Qd7+ Ke5 52. Qd6+ Kf5 53. Qf6+ 1-0

[Event "*** Titled Tuesday 3|2 Blitz"]
[Site "Chess.com"]
[Date "2016.01.05"]
[Round "7"]
[White "AndroQueen"]
[Black "maciek_92"]
[Result "0-1"]
[WhiteElo "2452"]
[BlackElo "2402"]
[TimeControl "180+2"]
[EndTime "12:27:22 PST"]
[Termination "maciek_92 won by resignation"]

1. e4 c5 2. Nf3 d6 3. d4 cxd4 4. Nxd4 Nf6 5. Nc3 a6 6. Bg5 Nbd7 7. Bc4 e6 8. Qd2 Qc7 9. Bb3 Nc5 10. Bxf6 gxf6 11.
O-O h5 12. f4 b5 13. a3 Bh6 14.
Qf2 Bb7 15. Rfe1 Rg8 16. f5 e5 17. Nf3 Rg4 18. Bd5 O-O-O 19. b4 Nxe4 20. Nxe4 Bxd5 21. Nxf6 Bxf3 22. Qxf3 Qa7+ 23. Kh1 Rc4 24. a4 bxa4 25. Rxa4 Rxc2 26. b5 d5 27. Rxa6 Qf2 28. Qxf2 Rxf2 29. Nxh5 Bd2 30. Rea1 Be3 31. b6 Kb7 32. Ra7+ Kxb6 33.
Rxf7 d4 34. Rb1+ Kc6 35. Ng3 d3 36. Ne4 Rc2 37. Rf6+ Kd5 38. Ng3 d2 39. Rf1 Rc1 40. h4 Rxf1+ 41. Nxf1 d1=Q 0-1

[Event "*** Titled Tuesday 3|2 Blitz"]
[Site "Chess.com"]
[Date "2016.01.05"]
[Round "7"]
[White "stepanosinovsky"]
[Black "motivated_bishop"]
[Result "1-0"]
[WhiteElo "2247"]
[BlackElo "2289"]
[TimeControl "180+2"]
[EndTime "12:27:34 PST"]
[Termination "stepanosinovsky won on time"]

1. e4 e5 2. Nf3 Nc6 3. Bb5 a6 4.
Ba4 Nf6 5. O-O Be7 6. Re1 b5 7. Bb3 d6 8. c3 O-O 9. h3 Nb8 10.
a4 Bb7 11. d3 Nbd7 12. Nbd2 Nc5 13. Bc2 Re8 14. b4 Ncd7 15. Nf1 c5 16. Ng3 g6 17.
Bb3 cxb4 18. cxb4 d5 19. Bd2 Bf8 20. Qe2 Rc8 21. axb5 axb5 22. Ra7 Qb6 23. Rea1 Ra8 24. Rxa8 Rxa8 25. Rxa8 Bxa8 26. exd5 Bxd5 27. Bxd5 Nxd5 28. Nxe5 Nxe5 29. Qxe5 Bxb4 30. Qxd5 Bxd2 31. Ne4 Bh6 32. Qa8+ Bf8 33. Qa1 Be7 34. Qe5 Qb7 35. d4 b4 36. d5 b3 37. d6 b2 38. dxe7 b1=Q+ 39. Kh2 Qb8 40. e8=Q+ Qxe8 41. Qxe8+ Kg7 42. Qe5+ Kf8 43.
Nf6 h5 44. f4 1-0